[Event "57th Biel Festival ATO 2024"]
[Site "Biel"]
[Date "2024.07.24"]
[Round "8.28"]
[White "Sushrutha, Reddy"]
[Black "Kessler, Meinrad"]
[Result "1/2-1/2"]
[ECO "B88"]
[WhiteElo "1649"]
[BlackElo "1874"]
[Annotator "NA RC"]
[PlyCount "91"]
[EventDate "2024.07.03"]
[EventType "swiss"]
[EventCountry "SUI"]
[SourceTitle "playchess.com"]
[Source "ChessBase"]
[SourceQuality "1"]
[TimeControl "40/5400+30:1800+30"]

1. e4 c5 2. Nf3 Nc6 3. d4 cxd4 4. Nxd4 d6 5. Nc3 a6 6. Bc4 e6 7. Bb3 Nf6 8. Be3 Be7 9. f3 O-O 10. Qd2 Bd7 11. O-O-O b5 12. h4 Na5 13. h5 e5 14. Nf5 Nxb3+ 15. axb3 Bxf5 16. exf5 h6 17. g4 b4 18. Ne4 Nxe4 19. fxe4 f6 20. Qxb4 d5 21. Bc5 Bxc5 22. Qxc5 d4 23. c4 Qb8 24. Kc2 Rd8 25. Rh3 Qb7 26. Re1 Rab8 27. Rd3 Rd7 28. Kd2 Rc8 29. Qa5 Qc6 30. Rh3 Qb7 31. Rd3 Qc6 32. Rh3 Qb7 33. Rd3 Qc6 34. Kc2 Rb8 35. Kb1 Qc8 36. Qd2 Rdb7 37. Qc2 Qc5 38. Rh1 a5 39. Rhh3 a4 40. Kc1 a3 41. bxa3 Qxa3+ 42. Qb2 Qb4 43. Rd2 Ra8 44. Rhd3 Rba7 45. Kb1 Ra3 46. Rd1 1/2-1/2

[Event "57th Biel Festival ATO 2024"]
[Site "Biel"]
[Date "2024.07.24"]
[Round "8.29"]
[White "Christoffersen, Odd"]
[Black "Coletta, Julien"]
[Result "1-0"]
[ECO "C27"]
[WhiteElo "1676"]
[BlackElo "1778"]
[Annotator "NA RC"]
[PlyCount "125"]
[EventDate "2024.07.03"]
[EventType "swiss"]
[EventCountry "SUI"]
[SourceTitle "playchess.com"]
[Source "ChessBase"]
[SourceQuality "1"]
[TimeControl "40/5400+30:1800+30"]

1. e4 e5 2. Nc3 Nf6 3. Bc4 Nxe4 4. Qh5 Nd6 5. Bb3 Be7 6. Qxe5 O-O 7. Nge2 Nc6 8. Qh5 g6 9. Qf3 Nf5 10. O-O Ncd4 11. Nxd4 Nxd4 12. Qd5 Nxb3 13. axb3 c6 14. Qf3 d5 15. d3 Bg5 16. Re1 Bxc1 17. Raxc1 Qg5 18. Ra1 Be6 19. Qe3 Qxe3 20. fxe3 b6 21. Ra6 Bc8 22. Raa1 Bb7 23. Ra4 b5 24. Rf4 a6 25. d4 Rfe8 26. Na2 Bc8 27. g4 Re4 28. h3 Bd7 29. Nc1 Rae8 30. Rxe4 dxe4 31. Kg2 Be6 32. Ne2 g5 33. b4 f5 34. gxf5 Bxf5 35. Rf1 Rf8 36. Ra1 Bc8 37. Re1 g4 38. hxg4 Bxg4 39. Nf4 Bf3+ 40. Kf2 h5 41. Ra1 Kf7 42. Rxa6 Rh8 43. Rxc6 h4 44. Kg1 Ra8 45. Rh6 Ra2 46. Rxh4 Rxb2 47. Rh7+ Kg8 48. Rb7 Rxb4 49. d5 Kf8 50. d6 Rb1+ 51. Kf2 Rd1 52. Ne6+ Ke8 53. Nd4 Rd2+ 54. Kg3 Rg2+ 55. Kh3 Rg6 56. Nxb5 Kd8 57. c4 Rg5 58. Nd4 Rh5+ 59. Kg3 Rg5+ 60. Kf4 Rg6 61. c5 Rh6 62. Nxf3 exf3 63. Kxf3 1-0

[Event "57th Biel Festival ATO 2024"]
[Site "Biel"]
[Date "2024.07.24"]
[Round "8.30"]
[White "Shin, Seungmin"]
[Black "Rossi, Jonas"]
[Result "0-1"]
[ECO "C02"]
[WhiteElo "1493"]
[BlackElo "1796"]
[Annotator "NA RC"]
[PlyCount "50"]
[EventDate "2024.07.03"]
[EventType "swiss"]
[EventCountry "SUI"]
[SourceTitle "playchess.com"]
[Source "ChessBase"]
[SourceQuality "1"]
[TimeControl "40/5400+30:1800+30"]

1. e4 e6 2. d4 d5 3. e5 c5 4. c3 Nc6 5. Nf3 Qb6 6. a3 Nh6 7. b4 cxd4 8. cxd4 Bd7 9. Bxh6 gxh6 10. Nc3 Nxb4 11. axb4 Bxb4 12. Qb3 Rc8 13. Rc1 Qa5 14. Kd2 O-O 15. Bd3 Ba4 16. Qb2 Rc7 17. Bxh7+ Kxh7 18. Kd3 Ba3 19. Qa1 Bxc1 20. Rxc1 Rfc8 21. h3 Bc2+ 22. Kxc2 Rxc3+ 23. Kd1 Rxc1+ 24. Qxc1 Rxc1+ 25. Kxc1 Qc3+ 0-1

[Event "57th Biel Festival ATO 2024"]
[Site "Biel"]
[Date "2024.07.24"]
[Round "8.31"]
[White "Van Bogaert, Olivier"]
[Black "Lesniak, Julien"]
[Result "1/2-1/2"]
[ECO "A29"]
[WhiteElo "1815"]
[BlackElo "1728"]
[Annotator "NA RC"]
[PlyCount "22"]
[EventDate "2024.07.03"]
[EventType "swiss"]
[EventCountry "SUI"]
[SourceTitle "playchess.com"]
[Source "ChessBase"]
[SourceQuality "1"]
[TimeControl "40/5400+30:1800+30"]

1. c4 e5 2. g3 Nf6 3. Bg2 Bc5 4. Nc3 Nc6 5. Nf3 d6 6. O-O O-O 7. e3 Be6 8. d3 Qc8 9. d4 Bxc4 10. dxc5 Bxf1 11. Kxf1 dxc5 1/2-1/2

[Event "57th Biel Festival ATO 2024"]
[Site "Biel"]
[Date "2024.07.24"]
[Round "8.33"]
[White "Noel, Lucien"]
[Black "Primbetova, Raikhan"]
[Result "1/2-1/2"]
[ECO "A06"]
[WhiteElo "1714"]
[BlackElo "1534"]
[Annotator "NA RC"]
[PlyCount "48"]
[EventDate "2024.07.03"]
[EventType "swiss"]
[EventCountry "SUI"]
[SourceTitle "playchess.com"]
[Source "ChessBase"]
[SourceQuality "1"]
[TimeControl "40/5400+30:1800+30"]

1. b3 d5 2. Nf3 Nf6 3. Bb2 c5 4. e4 dxe4 5. Ne5 Nbd7 6. Bb5 a6 7. Bxd7+ Bxd7 8. Qe2 Bf5 9. g4 Bd7 10. Nc3 Qc7 11. Nxe4 Nxe4 12. Qxe4 Bc6 13. Nxc6 Qxc6 14. Qxc6+ bxc6 15. c4 h5 16. g5 Rg8 17. O-O-O e6 18. Be5 O-O-O 19. f4 Bd6 20. d4 cxd4 21. Rxd4 Bxe5 22. Rxd8+ Rxd8 23. fxe5 c5 24. Rf1 Rd7 1/2-1/2

[Event "57th Biel Festival ATO 2024"]
[Site "Biel"]
[Date "2024.07.24"]
[Round "8.34"]
[White "Kim, Sarang"]
[Black "Kim, Danha"]
[Result "1-0"]
[ECO "C10"]
[WhiteElo "1704"]
[BlackElo "1491"]
[Annotator "NA RC"]
[PlyCount "42"]
[EventDate "2024.07.03"]
[EventType "swiss"]
[EventCountry "SUI"]
[SourceTitle "playchess.com"]
[Source "ChessBase"]
[SourceQuality "1"]
[TimeControl "40/5400+30:1800+30"]

1. e4 e6 2. d4 d5 3. Nd2 dxe4 4. Nxe4 Nc6 5. Nf3 Nf6 6. Nxf6+ Qxf6 7. Bd3 Qd8 8. O-O Bd6 9. Re1 O-O 10. Ng5 g6 11. c3 b6 12. Be4 Bb7 13. Qf3 Qd7 14. Qh3 f5 15. Bc2 Rae8 16. Bb3 Rf6 17. d5 Nd8 18. Ba4 Qxa4 19. Qxh7+ Kf8 20. Nxe6+ Nxe6 21. Bh6+ Ng7 1-0

[Event "57th Biel Festival ATO 2024"]
[Site "Biel"]
[Date "2024.07.24"]
[Round "8.36"]
[White "Hofer, Friedrich"]
[Black "Moon, Sunwoong"]
[Result "1-0"]
[ECO "C01"]
[WhiteElo "1798"]
[BlackElo "1661"]
[Annotator "NA"]
[PlyCount "121"]
[EventDate "2024.07.03"]
[EventType "swiss"]
[EventCountry "SUI"]
[SourceTitle "playchess.com"]
[Source "ChessBase"]
[SourceQuality "1"]
[TimeControl "40/5400+30:1800+30"]

1. e4 e6 2. d4 d5 3. exd5 exd5 4. Nf3 Nf6 5. Bd3 Bd6 6. Qe2+ Be7 7. O-O O-O 8. c3 Bd6 9. Bg5 c6 10. Qc2 h6 11. Bh4 Nbd7 12. Nbd2 Qc7 13. Bg3 Bxg3 14. hxg3 b5 15. Rfe1 Nb6 16. b3 a5 17. Ne5 a4 18. Rac1 Ng4 19. Ndf3 Nxe5 20. Nxe5 Nd7 21. b4 Nxe5 22. Rxe5 f6 23. Re3 f5 24. Rce1 f4 25. Bh7+ Kh8 26. gxf4 Bg4 27. f3 Bh5 28. Re5 g5 29. Re7 Qxf4 30. Bg8 Qf5 31. Qxf5 Rxf5 32. Be6 Rf6 33. a3 Re8 34. Rxe8+ Bxe8 35. Bxd5 Bg6 36. Re6 Rxe6 37. Bxe6 Be8 38. Kf2 Kg7 39. Ke3 Kf6 40. Bc8 h5 41. g3 Bf7 42. Bd7 Bd5 43. Be8 h4 44. gxh4 gxh4 45. Bd7 Kg5 46. Bh3 Bb3 47. Ke4 Bd5+ 48. Ke3 Bb3 49. f4+ Kf6 50. f5 Bc2 51. Kf4 Bd3 52. Bg2 Bxf5 53. Bxc6 h3 54. Kg3 Bd3 55. Kxh3 Ke6 56. Kg4 Kd6 57. Bf3 Bc4 58. Kf4 Bf1 59. Ke3 Bc4 60. Be2 Kd5 61. Bd3 1-0

[Event "57th Biel Festival ATO 2024"]
[Site "Biel"]
[Date "2024.07.24"]
[Round "8.37"]
[White "Ademi, Rexhe"]
[Black "Ehrsam, Andreas"]
[Result "0-1"]
[ECO "A06"]
[WhiteElo "1635"]
[BlackElo "1793"]
[Annotator "NA RC"]
[PlyCount "190"]
[EventDate "2024.07.03"]
[EventType "swiss"]
[EventCountry "SUI"]
[SourceTitle "playchess.com"]
[Source "ChessBase"]
[SourceQuality "1"]
[TimeControl "40/5400+30:1800+30"]

1. Nf3 d5 2. c3 Nf6 3. d3 g6 4. Qa4+ c6 5. Bg5 Bg7 6. Nbd2 O-O 7. Bf4 Nbd7 8. d4 Nh5 9. Bg3 Nxg3 10. hxg3 e5 11. e3 e4 12. Ng1 Nf6 13. Nh3 Bg4 14. Be2 b5 15. Qd1 Qd7 16. Nb3 Bxe2 17. Qxe2 Rfe8 18. Nc5 Qc8 19. a3 a5 20. b4 axb4 21. cxb4 Ra7 22. Qc2 Qa8 23. Qb2 Bf8 24. Kf1 Qc8 25. Kg1 Qf5 26. Rf1 Qc8 27. Nb3 Bd6 28. Na5 Qa8 29. Qe2 Bc7 30. f4 Bxa5 31. bxa5 Rxa5 32. f5 Qd8 33. Qf2 Rf8 34. Qf4 Nh5 35. Qh6 Ra7 36. Ng5 f6 37. Ne6 Qe7 38. Nxf8 Qxf8 39. Rxh5 gxh5 40. Qxh5 Rxa3 41. Rf4 Ra7 42. g4 Rg7 43. Rf2 Rg5 44. Qh3 Rg7 45. Rc2 Qd6 46. Qh5 Qd7 47. Ra2 Rf7 48. Qh6 Rf8 49. g5 Qg7 50. Ra6 Qxg5 51. Qxg5+ fxg5 52. g4 Rf6 53. Kg2 Kg7 54. Rb6 Rd6 55. Rb7+ Kh6 56. Kf2 Rd8 57. Rc7 Rd6 58. Ke2 Rf6 59. Kd2 Rd6 60. Kc3 Rf6 61. Kb4 Rf8 62. Rxc6+ Kg7 63. Kxb5 Ra8 64. Kc5 Ra5+ 65. Kd6 h5 66. gxh5 Kf6 67. Kd7+ Kxf5 68. h6 Ra7+ 69. Ke8 g4 70. Kf8 g3 71. Kg8 g2 72. Rc1 Kg4 73. h7 Kf3 74. h8=Q Ra8+ 75. Kg7 Rxh8 76. Kxh8 Kxe3 77. Kg7 Kf3 78. Kf6 e3 79. Ke5 Kf2 80. Kf4 e2 81. Ke5 g1=Q 82. Rxg1 Kxg1 83. Kxd5 e1=Q 84. Kd6 Qb4+ 85. Ke5 Qe7+ 86. Kd5 Kf2 87. Kc6 Qe6+ 88. Kc5 Qc8+ 89. Kd6 Ke3 90. d5 Kd4 91. Ke7 Kxd5 92. Kf7 Qe6+ 93. Kf8 Qd7 94. Kg8 Ke6 95. Kh8 Kf6 0-1

[Event "57th Biel Festival ATO 2024"]
[Site "Biel"]
[Date "2024.07.24"]
[Round "8.38"]
[White "Fernandez Van Raap, Marcela"]
[Black "Meise, Volker"]
[Result "1-0"]
[ECO "B78"]
[WhiteElo "1613"]
[BlackElo "1772"]
[Annotator "NA RC"]
[PlyCount "71"]
[EventDate "2024.07.03"]
[EventType "swiss"]
[EventCountry "SUI"]
[SourceTitle "playchess.com"]
[Source "ChessBase"]
[SourceQuality "1"]
[TimeControl "40/5400+30:1800+30"]

1. e4 c5 2. Nf3 d6 3. d4 cxd4 4. Nxd4 Nf6 5. Nc3 g6 6. f3 Bg7 7. Be3 O-O 8. Bc4 Nc6 9. Qd2 Bd7 10. O-O-O Rc8 11. Bb3 Ne5 12. Bh6 Nc4 13. Bxc4 Rxc4 14. Bxg7 Kxg7 15. g4 Qa5 16. Nb3 Qa6 17. e5 dxe5 18. g5 Bf5 19. gxf6+ exf6 20. Kb1 Rfc8 21. Rc1 b5 22. Rhe1 Be6 23. Re3 b4 24. Ne4 Rd4 25. Rd3 Rxd3 26. cxd3 Rxc1+ 27. Nxc1 Qb6 28. Qf2 Qxf2 29. Nxf2 Bd5 30. Ne4 f5 31. Nd2 Kf6 32. Kc2 Kg5 33. Kd1 Kh4 34. Ke2 Kh3 35. Nf1 Kg2 36. Ne3+ 1-0

[Event "57th Biel Festival ATO 2024"]
[Site "Biel"]
[Date "2024.07.24"]
[Round "8.39"]
[White "Speerli, Maria"]
[Black "Loeffler, Helmut"]
[Result "1/2-1/2"]
[ECO "C10"]
[WhiteElo "1540"]
[BlackElo "1745"]
[Annotator "NA RC"]
[PlyCount "61"]
[EventDate "2024.07.03"]
[EventType "swiss"]
[EventCountry "SUI"]
[SourceTitle "playchess.com"]
[Source "ChessBase"]
[SourceQuality "1"]
[TimeControl "40/5400+30:1800+30"]

1. d4 d5 2. Nc3 e6 3. e4 dxe4 4. Nxe4 Nf6 5. Nxf6+ Qxf6 6. Nf3 h6 7. Bd3 Bd6 8. O-O Nd7 9. Re1 O-O 10. c3 Re8 11. Bd2 Nf8 12. Qc2 Bd7 13. Rad1 Rac8 14. Be3 c5 15. dxc5 Bxc5 16. Bxc5 Rxc5 17. Be4 b6 18. Qb1 Bb5 19. Bd3 Bxd3 20. Qxd3 Ng6 21. Qd7 Re7 22. Qd6 Rcc7 23. h3 Nf4 24. Qd4 Nxh3+ 25. gxh3 Qxf3 26. Rd3 Qf6 27. Qxf6 gxf6 28. Ree3 Rc5 29. h4 Re8 30. Kg2 a5 31. Kh2 1/2-1/2

[Event "57th Biel Festival ATO 2024"]
[Site "Biel"]
[Date "2024.07.24"]
[Round "8.40"]
[White "Kim Rian B"]
[Black "Boyer, Jean-Francois"]
[Result "0-1"]
[ECO "C56"]
[WhiteElo "1592"]
[BlackElo "1742"]
[Annotator "NA RC"]
[PlyCount "40"]
[EventDate "2024.07.03"]
[EventType "swiss"]
[EventCountry "SUI"]
[SourceTitle "playchess.com"]
[Source "ChessBase"]
[SourceQuality "1"]
[TimeControl "40/5400+30:1800+30"]

1. e4 e5 2. Nf3 Nc6 3. d4 exd4 4. Bc4 Nf6 5. e5 d5 6. Bb5 Ne4 7. Nxd4 Bc5 8. Nxc6 Bxf2+ 9. Kf1 bxc6 10. Bxc6+ Bd7 11. Bxa8 Bb5+ 12. Qd3 Bxd3+ 13. cxd3 Qxa8 14. dxe4 Bd4 15. Nc3 dxe4 16. Bf4 Qb7 17. Rd1 c5 18. Ne2 Qxb2 19. Nxd4 cxd4 20. a4 e3 0-1

[Event "57th Biel Festival ATO 2024"]
[Site "Biel"]
[Date "2024.07.24"]
[Round "8.41"]
[White "Weihs, David"]
[Black "Materia, Mario"]
[Result "1/2-1/2"]
[ECO "C50"]
[WhiteElo "1733"]
[BlackElo "1590"]
[Annotator "NA RC"]
[PlyCount "35"]
[EventDate "2024.07.03"]
[EventType "swiss"]
[EventCountry "SUI"]
[SourceTitle "playchess.com"]
[Source "ChessBase"]
[SourceQuality "1"]
[TimeControl "40/5400+30:1800+30"]

1. e4 e5 2. Nc3 Nc6 3. Bc4 Nf6 4. d3 Bc5 5. Bg5 d6 6. Nf3 Na5 7. Bb3 Nxb3 8. axb3 a6 9. h3 h6 10. Be3 Bxe3 11. fxe3 O-O 12. O-O Re8 13. Qe1 d5 14. exd5 Nh5 15. Kh2 Nf4 16. Qf2 Ng6 17. Nh4 Nxh4 18. e4 1/2-1/2

[Event "57th Biel Festival ATO 2024"]
[Site "Biel"]
[Date "2024.07.24"]
[Round "8.44"]
[White "Cho, Yeonhee"]
[Black "Settegrana, Miro"]
[Result "1-0"]
[ECO "B13"]
[WhiteElo "1686"]
[BlackElo "1532"]
[Annotator "NA RC"]
[PlyCount "22"]
[EventDate "2024.07.03"]
[EventType "swiss"]
[EventCountry "SUI"]
[SourceTitle "playchess.com"]
[Source "ChessBase"]
[SourceQuality "1"]
[TimeControl "40/5400+30:1800+30"]

1. e4 c6 2. d4 d5 3. exd5 cxd5 4. Bd3 Nc6 5. c3 Nf6 6. h3 e6 7. Bf4 Bd6 8. Bxd6 Qxd6 9. Nf3 O-O 10. Rf1 Bd7 11. Ne5 Rfd8 1-0

[Event "57th Biel Festival ATO 2024"]
[Site "Biel"]
[Date "2024.07.24"]
[Round "8.48"]
[White "Huber, Ruth"]
[Black "Spaeti, Kurt"]
[Result "0-1"]
[ECO "D11"]
[WhiteElo "1612"]
[BlackElo "1804"]
[Annotator "NA"]
[PlyCount "80"]
[EventDate "2024.07.03"]
[EventType "swiss"]
[EventCountry "SUI"]
[SourceTitle "playchess.com"]
[Source "ChessBase"]
[SourceQuality "1"]
[TimeControl "40/5400+30:1800+30"]

1. Nf3 d5 2. g3 Nf6 3. Bg2 Bf5 4. O-O e6 5. c4 c6 6. cxd5 exd5 7. d4 Nbd7 8. a3 Be7 9. b4 a6 10. Nc3 O-O 11. Bg5 Qc7 12. Bxf6 Bxf6 13. e3 Rfe8 14. Rc1 Qd6 15. Re1 Re7 16. Na4 a5 17. Qd2 axb4 18. axb4 Rxa4 19. Ra1 b5 20. Rec1 Nb6 21. Bf1 Rea7 22. Qe1 Rxa1 23. Rxa1 Ra4 24. Qc3 Rxb4 25. Nd2 Ra4 26. Rc1 Bd7 27. Nb3 Qb4 28. Qc5 Nc4 29. Qxb4 Rxb4 30. Nc5 Bf5 31. Na6 Rb1 32. Rxb1 Bxb1 33. Nb4 Na5 34. Bg2 Be7 35. Na6 b4 36. Nxb4 Bxb4 37. Bh3 Kf8 38. Kf1 Bd3+ 39. Kg2 Ke7 40. Kf3 Nc4 0-1

[Event "57th Biel Festival ATO 2024"]
[Site "Biel"]
[Date "2024.07.25"]
[Round "9.2"]
[White "Jud, Marc"]
[Black "Noh, Jinwoo"]
[Result "0-1"]
[ECO "D37"]
[WhiteElo "1925"]
[BlackElo "1824"]
[Annotator "RC"]
[PlyCount "78"]
[EventDate "2024.07.03"]
[EventType "swiss"]
[EventCountry "SUI"]
[SourceTitle "playchess.com"]
[Source "ChessBase"]
[SourceQuality "1"]
[TimeControl "40/5400+30:1800+30"]

1. d4 Nf6 2. Nf3 d5 3. e3 e6 4. c4 Be7 5. Nc3 O-O 6. Bd3 a6 7. O-O dxc4 8. Bxc4 b5 9. Bd3 Bb7 10. Qc2 c5 11. dxc5 Bxc5 12. Ne4 Bxe4 13. Bxe4 Nxe4 14. Qxe4 Nd7 15. b3 Nf6 16. Qc2 Rc8 17. Qe2 Qe7 18. Bb2 Ba3 19. Rac1 Nd5 20. Nd4 Bxb2 21. Qxb2 b4 22. Ne2 a5 23. Rc2 Rxc2 24. Qxc2 Nc3 25. Rc1 Rc8 26. Kf1 Qd6 27. f4 g6 28. Kf2 Qd5 29. Kf1 h5 30. Nxc3 Rxc3 31. Qd1 Rd3 32. Qe1 Rd2 33. Qg3 Rxa2 34. Kg1 Rc2 35. Re1 Qxb3 36. f5 exf5 37. Qb8+ Kh7 38. Qe8 Qe6 39. Qa4 Qe4 0-1

[Event "57th Biel Festival ATO 2024"]
[Site "Biel"]
[Date "2024.07.25"]
[Round "9.3"]
[White "Wiesmann, Dominique"]
[Black "Szelag, Zuzanna"]
[Result "1/2-1/2"]
[ECO "C28"]
[WhiteElo "1963"]
[BlackElo "1897"]
[Annotator "RC"]
[PlyCount "21"]
[EventDate "2024.07.03"]
[EventType "swiss"]
[EventCountry "SUI"]
[SourceTitle "playchess.com"]
[Source "ChessBase"]
[SourceQuality "1"]
[TimeControl "40/5400+30:1800+30"]

1. e4 e5 2. Nf3 Nc6 3. Bc4 Nf6 4. Nc3 Bb4 5. d3 d6 6. O-O Bxc3 7. bxc3 Na5 8. Bb3 Nxb3 9. axb3 Bg4 10. h3 Bh5 11. c4 1/2-1/2

[Event "57th Biel Festival ATO 2024"]
[Site "Biel"]
[Date "2024.07.25"]
[Round "9.4"]
[White "Titov, Dmitrii"]
[Black "Kulikov, Mikhail L"]
[Result "0-1"]
[ECO "D05"]
[WhiteElo "1899"]
[BlackElo "1954"]
[Annotator "RC"]
[PlyCount "21"]
[EventDate "2024.07.03"]
[EventType "swiss"]
[EventCountry "SUI"]
[SourceTitle "playchess.com"]
[Source "ChessBase"]
[SourceQuality "1"]
[TimeControl "40/5400+30:1800+30"]

1. d4 Nf6 2. Nf3 e6 3. e3 c5 4. c3 Nc6 5. Bd3 d5 6. Nbd2 Bd6 7. Rf1 O-O 8. Ne5 Re8 9. h3 Kf8 10. h4 h6 11. h5 0-1

[Event "57th Biel Festival ATO 2024"]
[Site "Biel"]
[Date "2024.07.25"]
[Round "9.5"]
[White "Oestmann, Lukas"]
[Black "Andrzejewska, Anna"]
[Result "1-0"]
[ECO "C78"]
[WhiteElo "1926"]
[BlackElo "1933"]
[Annotator "RC"]
[PlyCount "145"]
[EventDate "2024.07.03"]
[EventType "swiss"]
[EventCountry "SUI"]
[SourceTitle "playchess.com"]
[Source "ChessBase"]
[SourceQuality "1"]
[TimeControl "40/5400+30:1800+30"]

1. e4 e5 2. Nf3 Nc6 3. Bb5 a6 4. Ba4 Nf6 5. O-O b5 6. Bb3 Bc5 7. c3 d6 8. d4 Bb6 9. a4 Bb7 10. d5 Na5 11. Bc2 h6 12. Nbd2 c6 13. b4 Nc4 14. Nxc4 bxc4 15. a5 Ba7 16. Ba4 Rc8 17. Qe2 O-O 18. dxc6 Bxc6 19. Bxc6 Rxc6 20. Be3 Bb8 21. Bb6 Qc8 22. Nh4 d5 23. Nf5 Re8 24. f3 Nh5 25. g3 d4 26. Bc5 Rxc5 27. bxc5 Qxc5 28. Qf2 Ba7 29. Rfd1 Rd8 30. Kh1 Kh7 31. Qa2 Nf6 32. Qa3 Qxa3 33. Rxa3 Ne8 34. Ra4 Rc8 35. cxd4 exd4 36. Nxd4 Nd6 37. Nc2 Bc5 38. e5 Nb7 39. Rd7 Rd8 40. Rxd8 Nxd8 41. Rxc4 Nb7 42. f4 Kg6 43. Kg2 Kf5 44. Kf3 g5 45. g4+ Ke6 46. Nb4 gxf4 47. Kxf4 f6 48. exf6 Bd6+ 49. Kf3 Nxa5 50. Re4+ Kxf6 51. h4 Nb3 52. Nd5+ Kf7 53. Ra4 a5 54. Nb6 Bb4 55. Ra2 Ke6 56. h5 Ke5 57. Re2+ Kd4 58. Re6 Bd2 59. Rd6+ Kc5 60. Rd3 Kxb6 61. Rxb3+ Kc5 62. Rb7 Kc4 63. Ke4 Bg5 64. Rc7+ Kb5 65. Kd3 Kb4 66. Kc2 Bf4 67. Rf7 Bg5 68. Kb1 Be3 69. Rg7 a4 70. Ka2 Bd4 71. Rg6 Be3 72. g5 hxg5 73. h6 1-0

[Event "57th Biel Festival ATO 2024"]
[Site "Biel"]
[Date "2024.07.25"]
[Round "9.6"]
[White "Schmid, Nicola"]
[Black "Kalbermatter, Philipp"]
[Result "0-1"]
[ECO "D35"]
[WhiteElo "1888"]
[BlackElo "1912"]
[Annotator "RC"]
[PlyCount "102"]
[EventDate "2024.07.03"]
[EventType "swiss"]
[EventCountry "SUI"]
[SourceTitle "playchess.com"]
[Source "ChessBase"]
[SourceQuality "1"]
[TimeControl "40/5400+30:1800+30"]

1. d4 d5 2. Nf3 Bf5 3. c4 e6 4. Nc3 Nf6 5. cxd5 exd5 6. Qb3 Nc6 7. Bg5 Be6 8. e3 Be7 9. Rc1 O-O 10. Bd3 Rb8 11. O-O Ne4 12. Bf4 Nxc3 13. Qxc3 Rc8 14. Ne5 Nxe5 15. dxe5 c6 16. Bg3 f6 17. Rfd1 fxe5 18. Qxe5 Qd7 19. Qh5 Bf5 20. Bxf5 Qxf5 21. Qxf5 Rxf5 22. e4 dxe4 23. Rd7 Bg5 24. Re1 Rf7 25. Rxf7 Kxf7 26. Rxe4 Rd8 27. h4 Bf6 28. b3 Rd2 29. a4 Rd3 30. Rb4 b6 31. Bb8 c5 32. Rc4 Rxb3 33. a5 Rb1+ 34. Kh2 Rb4 35. Rc2 Rxh4+ 36. Kg3 Ra4 37. Bxa7 bxa5 38. Bxc5 Ra1 39. Kf3 a4 40. Ke4 Ke6 41. Bb4 a3 42. f4 Kd7 43. g4 Bb2 44. Rd2+ Kc6 45. Kd3 Kb5 46. Bc3 Rb1 47. Re2 Rd1+ 48. Rd2 Rxd2+ 49. Kxd2 Kc4 50. Bxb2 axb2 51. Kc2 Kd4 0-1

[Event "57th Biel Festival ATO 2024"]
[Site "Biel"]
[Date "2024.07.25"]
[Round "9.7"]
[White "King, Alexander"]
[Black "Papaux, Jeremie"]
[Result "1-0"]
[ECO "D36"]
[WhiteElo "1935"]
[BlackElo "1814"]
[Annotator "RC"]
[PlyCount "95"]
[EventDate "2024.07.03"]
[EventType "swiss"]
[EventCountry "SUI"]
[SourceTitle "playchess.com"]
[Source "ChessBase"]
[SourceQuality "1"]
[TimeControl "40/5400+30:1800+30"]

1. d4 Nf6 2. c4 e6 3. Nc3 d5 4. cxd5 exd5 5. Bg5 Be7 6. e3 O-O 7. Bd3 c6 8. Qc2 Nbd7 9. Nf3 Re8 10. O-O g6 11. Rab1 a5 12. a3 Nf8 13. b4 axb4 14. axb4 Ne6 15. Bh4 Ng7 16. b5 Bf5 17. Bxf5 Nxf5 18. Bxf6 Bxf6 19. bxc6 bxc6 20. Na4 Qc7 21. Rfc1 Ra6 22. Nc5 Ra7 23. Nd3 Rc8 24. Rb3 Ne7 25. Rc3 Qd6 26. g3 Bg7 27. Rc5 Kf8 28. Nb4 Rac7 29. Nd2 Ke8 30. Nb3 Kd7 31. Na5 Qe6 32. Na6 Ra7 33. Nxc6 Rxa6 34. Nxe7 Rxc5 35. Qxc5 Qd6 36. Nxd5 Qxc5 37. Rxc5 Bf8 38. Rc7+ Ke6 39. Nf4+ Kf6 40. Nd3 Bd6 41. Rc2 Kg5 42. Kg2 f5 43. Nc5 Ra3 44. Kf3 h5 45. h4+ Kh6 46. Ne6 Be7 47. Rc7 Bf6 48. Rf7 1-0

[Event "57th Biel Festival ATO 2024"]
[Site "Biel"]
[Date "2024.07.25"]
[Round "9.8"]
[White "Schneuwly, Achim"]
[Black "Akhmediyar, Yernur"]
[Result "1/2-1/2"]
[ECO "D05"]
[WhiteElo "1933"]
[BlackElo "1751"]
[Annotator "ChessBase"]
[PlyCount "243"]
[EventDate "2024.07.03"]
[EventType "swiss"]
[EventCountry "SUI"]
[SourceTitle "playchess.com"]
[Source "ChessBase"]
[SourceQuality "1"]
[TimeControl "40/5400+30:1800+30"]

1. d4 Nf6 2. Nf3 e6 3. Nbd2 d5 4. e3 c5 5. c3 Nc6 6. Bd3 Bd6 7. O-O O-O 8. Qe2 Re8 9. dxc5 Bxc5 10. e4 e5 11. exd5 Nxd5 12. Ne4 Bf8 13. Rd1 Qc7 14. Neg5 Nf6 15. Bc4 Re7 16. h3 e4 17. Nd4 Na5 18. Bxf7+ Rxf7 19. Nxf7 Qxf7 20. Bg5 Qg6 21. Qb5 e3 22. Bxf6 exf2+ 23. Kxf2 Qxf6+ 24. Kg1 Nc6 25. Qc4+ Qf7 26. Qxf7+ Kxf7 27. Rf1+ Kg8 28. Nb5 b6 29. Rad1 a6 30. Nd6 Be6 31. b3 Rd8 32. Ne4 Rc8 33. Ng5 Re8 34. Rxf8+ Kxf8 35. Rd6 Bf5 36. Rxc6 h6 37. Nf3 Re6 38. Rxe6 Bxe6 39. Kf2 Ke7 40. Ke3 Kd6 41. Kd4 g5 42. c4 Bc8 43. b4 Bb7 44. a3 Bc6 45. Ne1 h5 46. g3 h4 47. gxh4 gxh4 48. Nd3 Bd7 49. Nf4 a5 50. Ke4 axb4 51. axb4 Bc8 52. Kd4 Bd7 53. Ke4 Bc8 54. Kd4 Bd7 55. Ng6 Bxh3 56. Nxh4 Bg4 57. Ng6 Bf3 58. Ne5 Bg2 59. Nf7+ Kc7 60. Ke5 Bf3 61. Nd6 Bg2 62. Nb5+ Kc6 63. Nc3 Bf1 64. Kd4 Bg2 65. Ne2 Kc7 66. Nf4 Bf3 67. Ke5 Kc6 68. Ne6 Bg2 69. Nd4+ Kc7 70. Ne6+ Kc6 71. Nf4 Bf3 72. Kd4 Kc7 73. Nd3 Bg2 74. Ke5 Kc6 75. b5+ Kc7 76. Nf4 Bf1 77. Kd5 Kd7 78. Ng6 Bg2+ 79. Ke5 Bf3 80. Nf8+ Kc7 81. Ne6+ Kb7 82. Nf4 Kc7 83. Nd5+ Kb7 84. Kd6 Be2 85. Ne3 Bd3 86. Kd7 Be2 87. Kd8 Bd3 88. Kd7 Be2 89. Kd8 Bd3 90. Ke7 Kc7 91. Ke6 Be2 92. Nd5+ Kb7 93. Ne3 Kc7 94. Ke7 Bd3 95. Ke6 Be2 96. Kd5 Bd3 97. Ng4 Be2 98. Ne5 Bf1 99. Ng6 Bg2+ 100. Ke6 Bf1 101. Kd5 Be2 102. Nf4 Bf3+ 103. Ke6 Bg4+ 104. Ke7 Bf3 105. Nd5+ Kb7 106. Nf6 Be2 107. Ne8 Bd3 108. Kd8 Be2 109. Nd6+ Kb8 110. Kd7 Bf3 111. Ne8 Be2 112. Nd6 Bf3 113. Nf7 Be2 114. Ne5 Kb7 115. Nf7 Bf3 116. Nd8+ Kb8 117. Nc6+ Kb7 118. Ne5 Be2 119. Kd6 Bf1 120. Kd7 Be2 121. Kd6 Bf1 122. Kd7 1/2-1/2